Cogmind - Beta 10.1 @@@ ROGUE MODE // 2020.09.30 @ 00:23:14 Player: Calanor Result: Destroyed by G-34 Mercenary with Small Laser Performance ------------- Evolutions (1) 500 Regions Visited (2) 400 Robots Destroyed (47) 235 Value Destroyed (1039) 1039 Prototype IDs (4) 80 Alien Tech Used (0) 0 Bonus (0) 0 TOTAL SCORE: 2254 Bonus ------- None Cogmind --------- Core Integrity 0/400 Matter 266/300 Energy 76/100 System Corruption 0% Temperature Cool (6) Movement Core (350) Ox6 Location -9/Materials Parts ------- > --- POWER (1) -------- (None) > --- PROPULSION (3) --- (None) > --- UTILITY (3) ------ Large Storage Unit > --- WEAPON (2) ------- Assault Rifle High-powered Shotgun > --- INVENTORY (10) --- Improved Ion Engine Light Nuclear Core Cryofiber Web Large Storage Unit Particle Charger Pulse Rifle Light Assault Rifle Datajack Hammer Peak State ------------ > --- POWER ------------ Improved Ion Engine > --- PROPULSION ------- Light Treads Aluminum Leg Aluminum Leg > --- UTILITY ---------- Heat Sink Large Storage Unit Sensor Array > --- WEAPON ----------- Pulse Rifle Pulse Rifle > --- INVENTORY -------- Cryofiber Web Large Storage Unit Particle Charger Assault Rifle Light Assault Rifle High-powered Shotgun Datajack Hammer Mining Claw [Rating: 15] Favorites ----------- Power Ion Engine Engine Ion Engine Power Core Light Nuclear Core Propulsion Aluminum Leg Treads Light Treads Leg Aluminum Leg Utility Small Storage Unit Device Heat Sink Storage Small Storage Unit Weapon Assault Rifle Energy Gun Pulse Rifle Ballistic Gun Assault Rifle Impact Weapon Hammer Slashing Weapon Mining Claw Build | -11 -10 -9 ------- Run | Scr Mat Mat Slots Evolved 2 | . . 2 Power . | . . . Propulsion 1 | . . 1 Utility 1 | . . 1 Weapon . | . . . Parts Attached 61 | 6 30 25 Power 6 | 1 3 2 Engine 5 | 1 2 2 Core 1 | . 1 . Reactor . | . . . Propulsion 18 | 2 9 7 Treads 1 | . . 1 Leg 17 | 2 9 6 Wheel . | . . . Hover . | . . . Flight . | . . . Utility 9 | 1 3 5 Device 4 | . . 4 Storage 5 | 1 3 1 Processor . | . . . Hackware . | . . . Protection . | . . . Artifact . | . . . Weapon 28 | 2 15 11 Energy Gun 4 | . . 4 Energy Cannon . | . . . Ballistic Gun 13 | 2 8 3 Ballistic Cannon . | . . . Launcher . | . . . Special Weapon . | . . . Impact Weapon 5 | . 3 2 Slashing Weapon 6 | . 4 2 Piercing Weapon . | . . . Special Melee Weapon . | . . . Unidentified Prototypes . | . . . Parts Lost 16 | . 2 14 Power 4 | . 1 3 Propulsion 6 | . 1 5 Utility 2 | . . 2 Weapon 4 | . . 4 Highest Loss Streak 5 | . 2 5 Average Slot Usage (%) 91 | . 97 76 Engine 9 | . 10 8 Core 2 | . 3 . Leg 24 | . 27 18 Device 3 | . . 11 Storage 23 | . 26 16 Energy Gun 3 | . . 13 Ballistic Gun 16 | . 23 1 Impact Weapon 2 | . 1 3 Slashing Weapon 2 | . 3 2 Naked Turns . | . . . Heaviest Build 31 | 12 21 31 Greatest Support 30 | 20 20 30 Greatest Overweight (x) 5 | 1 1 5 Average Overweight (x) . | . . 1 Largest Inventory Capacity 14 | 6 10 14 Average Capacity 9 | 4 9 10 Most Carried 10 | 3 10 10 Average Carried 8 | 1 8 8 Final Capacity 10 | 6 10 10 Final Carried 9 | 3 9 9 Class Distribution -------------------- 64% | Mutant 35% | Scavenger-Mutant Dominant Class ---------------- Mutant | -10/Materials Mutant | -9/Materials Resources | -11 -10 -9 ----------- Run | Scr Mat Mat Matter Collected 1082 | 238 624 220 Remotely . | . . . Salvage Created 1559 | . 891 668 Parts 89 | . 50 39 Haulers Intercepted 1 | . 1 . Recyclers Shooed 5 | . 5 . Parts Field Recycled . | . . . Retrieved Matter . | . . . Parts Self-Destructed . | . . . Prevented . | . . . Kills | -11 -10 -9 ------- Run | Scr Mat Mat Combat Hostiles Destroyed 33 | . 15 18 Melee 10 | . 5 5 Guns 22 | . 10 12 Classes Destroyed 9 | . 7 2 Worker 5 | . 3 2 Builder 1 | . 1 . Hauler 1 | . 1 . Recycler 4 | . 3 1 Watcher 3 | . 2 1 Swarmer 11 | . 3 8 Grunt 18 | . 12 6 Brawler 1 | . . 1 Sentry 3 | . . 3 Best Kill Streak 9 | . 4 9 Combat Bots Only 6 | . 3 6 Max Kills in Single Turn 2 | . 1 2 Gunslinging 1 | . . 1 Exploded . | . . . Melee 1 | . 1 1 Uniques/NPCs Destroyed . | . . . Combat | -11 -10 -9 -------- Run | Scr Mat Mat Damage Taken 2404 | . 824 1580 Core 607 | . 203 404 Absorbed by Shields . | . . . Core Remaining (%) 59 | 100 18 . Volleys Fired 114 | . 82 32 Largest 2 | . 2 2 Hottest 126 | . 40 126 Shots Fired 219 | . 158 61 Gun 219 | . 158 61 Cannon . | . . . Launcher . | . . . Special . | . . . Kinetic 167 | . 158 9 Thermal 52 | . . 52 Explosive . | . . . Electromagnetic . | . . . Robot Hit Streak 12 | . 7 12 Robot Miss Streak 11 | . 11 3 Penetration Max . | . . . Secondary Targets 4 | . . 4 Max Gunslinging Chain 1 | . . 1 Shots Hit Robots 176 | . 118 58 Core Hits 68 | . 41 27 Critical Hits 2 | . 2 . Critical Kills 1 | . 1 . Critical Parts Destroyed . | . . . Melee Attacks 82 | . 40 42 Impact 46 | . 18 28 Slashing 36 | . 22 14 Piercing . | . . . Sneak Attacks 1 | . 1 . Combat Hostiles . | . . . Follow-up Attacks 13 | . 7 6 Damage Inflicted 2727 | . 1606 1121 Guns 1621 | . 948 673 Cannons . | . . . Explosions . | . . . Melee 1102 | . 658 444 Ramming 4 | . . 4 Kinetic 1073 | . 948 125 Thermal 548 | . . 548 Explosive . | . . . Electromagnetic . | . . . Impact 513 | . 210 303 Slashing 589 | . 448 141 Piercing . | . . . Highest Corruption . | . . . Average Corruption . | . . . Corruption Purged . | . . . Overload Shots . | . . . Overflow Damage 85 | . 64 21 Projectiles . | . . . Explosions . | . . . Melee 85 | . 64 21 Knockbacks 4 | . 1 3 Impact 3 | . 1 2 Kinetic . | . . . Secondary 1 | . . 1 Self-Inflicted Damage 2 | . . 2 Shots . | . . . Rammed 1 | . . 1 Targets Rammed 1 | . . 1 Kicked . | . . . Crushed . | . . . Highest Temperature 197 | . 20 197 Average Temperature 42 | . 5 82 Received Heat Transfer 693 | . 372 321 Siege Activations . | . . . Robots Corrupted . | . . . Combat Hostiles . | . . . Parts Fried 1 | . . 1 Impact Corruptions 1 | . . 1 Robots Melted . | . . . Combat Hostiles . | . . . Parts Melted 3 | . . 3 Heat Transferred 1184 | . . 1184 Parts Sabotaged . | . . . Parts Stolen . | . . . Parts Stripped . | . . . Power Chain Reactions . | . . . Missiles Intercepted . | . . . Alert | -11 -10 -9 ------- Run | Scr Mat Mat Peak Influence 312 | . 290 312 Initial 40 | . . 40 Average 131 | . 133 140 Maximum Alert Level 1 | . 1 1 Low Security (%) 84 | 100 86 78 Level 1 15 | . 13 21 Level 2 . | . . . Level 3 . | . . . Level 4 . | . . . Level 5 . | . . . High Security . | . . . Max Security . | . . . Squads Dispatched 5 | . 4 1 Investigation 1 | . 1 . Extermination . | . . . Reinforcement 4 | . 3 1 Assault . | . . . Garrison . | . . . Intercept . | . . . Construction Impeded . | . . . Haulers Reinforced . | . . . Stealth | -11 -10 -9 --------- Run | Scr Mat Mat Distress Signals 2 | . 1 1 Communications Jammed . | . . . Distress Signals . | . . . Times Spotted 57 | . 33 24 Peak Tracking Total 5 | . 5 5 Tactical Retreats . | . . . Traps | -11 -10 -9 ------- Run | Scr Mat Mat Traps Triggered . | . . . Indirectly . | . . . Trap Hack Attempts . | . . . Triggered . | . . . Disarmed 4 | . . 4 Reprogrammed . | . . . Reused . | . . . Traps Extracted . | . . . Installed . | . . . Triggered . | . . . Machines | -11 -10 -9 ---------- Run | Scr Mat Mat Machines Disabled 1 | . . 1 Max in Single Turn 1 | . . 1 Machines Sabotaged . | . . . Garrisons Compromised . | . . . Overloaded Fab Kills . | . . . Fab Network Shutdowns . | . . . Hacking | -11 -10 -9 --------- Run | Scr Mat Mat Machines Accessed 9 | . 7 2 Terminals 7 | . 5 2 Fabricators . | . . . Repair Stations 1 | . 1 . Recycling Units 1 | . 1 . Scanalyzers . | . . . Garrison Access . | . . . Total Hacks 31 | . 20 11 Successful 22 | . 15 7 Failed 9 | . 5 4 Catastrophic . | . . . Database Lockouts . | . . . Manual . | . . . Terminals 24 | . 13 11 Fabricators . | . . . Repair Stations 6 | . 6 . Recycling Units 1 | . 1 . Scanalyzers . | . . . Garrison Access . | . . . Terminal Hacks 15 | . 8 7 Record 3 | . 1 2 Prototype ID Bank 2 | . 1 1 Emergency Access Points 1 | . 1 . Repair Station Index 1 | . 1 . Alert Level 2 | . 1 1 Locate Traps 1 | . . 1 Disarm Traps 1 | . . 1 Reinforcement Status 1 | . 1 . Registered Components 1 | . 1 . Zone Layout 2 | . 1 1 Fabricator Hacks . | . . . Repair Station Hacks 6 | . 6 . Scan Component 3 | . 3 . Repair 3 | . 3 . Recycling Unit Hacks 1 | . 1 . Report Inventory 1 | . 1 . Scanalyzer . | . . . Garrison Access Hacks . | . . . Unauthorized Hacks . | . . . Terminals . | . . . Fabricators . | . . . Repair Stations . | . . . Recycling Units . | . . . Scanalyzers . | . . . Garrison Access . | . . . Data Cores Recovered . | . . . Used . | . . . Hacking Detections 7 | . 5 2 Full Trace Events 1 | . 1 . Feedback Events . | . . . Feedback Blocked . | . . . Robot Schematics Acquired . | . . . Robots Built . | . . . Matter . | . . . Time . | . . . Total Robot Build Rating . | . . . Part Schematics Acquired . | . . . Parts Built . | . . . Matter . | . . . Time . | . . . Total Part Build Rating . | . . . Parts Repaired 3 | . 3 . Time 78 | . 78 . Parts Recycled . | . . . Recycled Matter . | . . . Retrieved Matter . | . . . Retrieved Components . | . . . Parts Scanalyzed . | . . . Part Schematics Acquired . | . . . Parts Damaged . | . . . Bothacking | -11 -10 -9 ------------ Run | Scr Mat Mat Used RIF Installer . | . . . Robots Hacked . | . . . Non-combat . | . . . Combat . | . . . Robot Hacks Applied . | . . . Relay Couplers Released . | . . . Robots Rewired . | . . . Allies Hacked . | . . . Hacks Repelled . | . . . Allies | -11 -10 -9 -------- Run | Scr Mat Mat Total Allies . | . . . Largest Group . | . . . Highest-Rated Group . | . . . Highest-Rated Ally . | . . . Total Orders . | . . . Ally Attacks . | . . . Total Damage . | . . . Kills . | . . . Allies Corrupted . | . . . Allies Melted . | . . . Intel | -11 -10 -9 ------- Run | Scr Mat Mat Robot Analysis Total . | . . . Derelict Logs Recovered . | . . . Drone Launches . | . . . Drone Recoveries . | . . . Exploration | -11 -10 -9 ------------- Run | Scr Mat Mat Turns Passed 2060 | 61 1420 579 Spaces Moved 996 | 44 746 206 Core 9 | 6 . 3 Treads . | . . . Legs 987 | 38 746 203 Wheels . | . . . Hover . | . . . Flight . | . . . Fastest Speed 50 | 50 120 120 Average Speed 128 | 112 122 153 Slowest Speed 300 | 120 150 300 Overloaded Moves . | . . . Propulsion Burnouts . | . . . Robots Hopped . | . . . Cave-ins Triggered . | . . . Exploration Rate (%) 39 | 4 92 22 Regions Visited 2 Branch Regions . Pre-discovered Areas . | . . . Known Exits Taken . | . . . Unknown Exits Taken 2 | 1 1 . Scrap Searched . | . . . Spaces Dug 1 | . 1 . Terrain Destroyed 1 | . 1 . Melee 1 | . 1 . Projectile . | . . . AOE . | . . . Terrain Rammed . | . . . Walls Destroyed . | . . . Machines Disabled . | . . . Actions | -11 -10 -9 --------- Run | Scr Mat Mat Total 1439 | 52 1042 345 Wait 156 | . 130 26 Move 994 | 43 745 206 Hop . | . . . Pick Up 26 | 3 13 10 Fast Attach 13 | 6 4 3 Attach 12 | . 2 10 Detach 2 | . . 2 Swap 36 | . 24 12 Drop 17 | . 10 7 Fire 114 | . 82 32 Melee 68 | . 32 36 Ram . | . . . Kick 1 | . . 1 Crush . | . . . Escape Stasis . | . . . Rewire . | . . . Trap . | . . . Miscellaneous . | . . . Route ------- -11/Scrapyard -10/Materials (discovered 3 exits: *Mat x2 / [*Min]) -9/Materials (discovered 1 exit: [*Min]) History --------- Turn | Location | Event 3 | -11/Scrapyard | Discovered new exit (range 16) 62 | -11/Scrapyard | Entered Materials 319 | -10/Materials | Build established: Mutant 736 | -10/Materials | Discovered new exit (range 5) 808 | -10/Materials | Discovered new exit (range 15) 868 | -10/Materials | Core integrity fell below 50% 914 | -10/Materials | Core integrity fell below 20% 1173 | -10/Materials | Discovered new exit (range 7) 1240 | -10/Materials | Build established: Scavenger-Mutant 1326 | -10/Materials | Repaired Med. Storage Unit 1376 | -10/Materials | Repaired Aluminum Leg 1404 | -10/Materials | Repaired Aluminum Leg 1482 | -10/Materials | Entered another Materials area 1482 | -9/Materials | Evolved 2 slots: Propulsion x1, Utility x1 1661 | -9/Materials | Lost 5 parts (1p2n2w) 1942 | -9/Materials | Discovered new exit (range 16) 1948 | -9/Materials | Core integrity fell below 50% 1981 | -9/Materials | Lost 4 parts (1n2u1w) 2046 | -9/Materials | Core integrity fell below 20% 2061 | -9/Materials | Lost 3 parts (1p1n1w) 2061 | -9/Materials | Destroyed by G-34 Mercenary with Small Laser Last Messages --------------- 01994_ K-01 Serf cleans the Repair Station. 01995_ Hammer follow-up attack on Y-45 Defender. 01996_ M-13 Machinist fits Backup Power I on Y-45 Defender. 01997_ K-01 Serf cleans the Repair Station. 02000_ Y-45 Defender destroyed. 02003_ Acquired 35 matter. 02016_ Mining Claw destroyed. 02017_ Slammed into G-47 Trooper. 02017_ Imp. Ion Engine destroyed. 02020_ G-34 Mercenary destroyed. 02025_ K-01 Serf collects debris. 02027_ R-06 Scavenger collects Lgt. Ion Engine. 02029_ K-01 Serf collects debris. 02030_ R-06 Scavenger collects Heat Sink. 02030_ G-47 Trooper knocked back. 02030_ Aluminum Leg destroyed. 02032_ K-01 Serf collects debris. 02038_ G-34 Mercenary knocked back. 02045_ K-01 Serf collects debris. 02061_ G-47 Trooper destroyed. Map ----- +----------------------------------------------------+ | ????????????????????????????????????????????????? | | ????????????????????????????????????????????????? | | ????????????????????????????????????????????????? | | ????????????????????????????????????????????????? | | ????????????????????????????????????????????????? | | ????????????????????????????????????????????????? | | ???????????????????? ???????????????????????????? | | ?????????????????### #??????????????????????????? | | ?????????????????# ??????????????????????????? | | ?????????????????# ??????????????????????????? | | ?????????????????? < ??????????????????????????? | | ????????????+????? ?????????????????????????? | | ???????????? ????? ?????????????????????????? | | ??????####?? ?????# #?????????????????????????? | | ???? ?? ?????# #?????????????????????????? | | ?? ?+ #????# #?????????????????????????? | | ?? ??# #????# #?????????????????????????? | | ?? ??# #????# #?????????????????????????? | | ???""" "???# #????# #?????????????????????????? | | ???""" "???# #????# #?????????????????????????? | | ##??"" ????# +????# #?????????????????????????? | | "#?? ????# #????# %##########????????????????? | | "####/######%##???# k # """ #????????????????? | | %[%[%%=%%!#####* g#= """ #????????????????? | | %=%=%=% =[%* %/w=""" #????????????????? | | =*""" #####% #@ #????????????????? | | =!""" #???#[ # [ ! #????????????????? | | "" """ * R" #???####### #????????????????? | | "" """ """ #?????????########????????????????? | | "" """ #?????????????????????????????????? | | #?????????????????????????????????? | | #?????????????????????????????????? | | ### ????????????????????????????????? | | #?##+###????????????????????????????????? | | ### #?? ??????????????????????????????????? | | ??#######??! ??????????????????????????????????? | | ???????????! ??????????????????????????????????? | | ???????????! ???????????????????????????????????? | | ??????????? ???????????????????????????????????? | | ??????????? ???????????????????????????????????? | | ??????????? ???????????????????????????????????? | | ???????????????^????????????????????????????????? | | ????????????????????????????????????????????????? | | ????????????????????????????????????????????????? | | ????????????????????????????????????????????????? | | ????????????????????????????????????????????????? | | ????????????????????????????????????????????????? | | ????????????????????????????????????????????????? | | | | | +----------------------------------------------------+ Best States ------------- Heat Dissipation 38 Energy Generation 14 Energy Capacity 265 Matter Stores 300 Matter Capacity 300 Sight Range 16 Robot Scan Range 10 Terrain Scan Density 10 Evasion (%) 40 Item Schematics ----------------- None Robot Schematics ------------------ None Fabricated ------------ Nothing Alien Tech Used ----------------- None Achievements -------------- None Challenges ------------ None Game ------ Seed DecoderMediumChronowheel Manual? 0 Play Time 00:31:43 Cumulative 34.9 hours Start 2020.09.29 @ 23:47:31 End 2020.09.30 @ 00:23:14 Sessions 1 Manual Loads 0 Difficulty Rogue Special Mode None Game No. 32 Rogue 32 Adventurer 0 Explorer 0 Win Type - Total 0 Types 0/0/0/0/0/0/0/0/0 Lore% 21 Gallery% 19 Achievement% 17 Wizard Run 0 Options --------- ASCII 0 Keyboard 0 Movement Numpad Keybinds 0 Fullscreen 1 Font 24/Terminus Map View 76x50 Tactical HUD 1 Map Filters NONE Filters NONE Steam 1 RUN: 72252c15-5939-4af0-98c7-f3851e8e3aae